Map: Kairos Junction LE

Players

xKawaiian - Winner!

  • Race: Terran Terran
  • League: Grandmaster
  • Spawn Location: 5:00

John

  • Race: Protoss Protoss
  • League: Master
  • Spawn Location: 11:00

VOD

Have the link to the VOD?

Description

Time

  • Played on: Aug. 7, 2019, 11:24 p.m.
  • Length: 5:07
Show
View Real Time Build Order
Export as new Build Order

xKawaiian Terran - Winner!

Build Orders: 1/1/1, Liberator Opening 

Get SALT Encoding   

  12  0:01  SCV  
  13  0:13  SCV  
  14  0:18  Supply Depot  
  14  0:25  SCV  
  15  0:40  Barracks, SCV  
  16  0:46  Refinery  
  16  0:52  SCV  
  17  0:59  Refinery  
  17  1:04  SCV  
  18  1:16  SCV  
  19  1:28  Orbital Command  
  19  1:29  Reaper  
  20  1:37  Supply Depot  
  20  1:44  Factory  
  21  1:54  SCV  
  21  2:01  Barracks Reactor  
  21  2:05  Supply Depot  
  21  2:06  SCV  
  22  2:18  SCV  
  23  2:29  Starport  
  23  2:30  SCV  
  23  2:31  Widow Mine  
  26  2:39  Marine  
  26  2:40  Marine  
  26  2:42  SCV  
  28  2:53  Factory Tech Lab  
  28  2:54  SCV  
  28  2:57  Marine x2  
  31  3:07  Medivac  
  31  3:09  Barracks  
  31  3:12  Siege Tank  
  36  3:16  Supply Depot  
  36  3:22  SCV  
  37  3:35  Marine x2  
  37  3:36  Liberator  
  39  3:44  SCV, Siege Tank  
  43  3:54  Marine  
  47  4:05  Marine  
  47  4:06  Marine  
  43  4:12  Marine  
  43  4:16  SCV  
  44  4:22  Siege Tank  
  47  4:26  Supply Depot  
  47  4:37  Marine  
  47  4:47  Marine x2  
  47  4:50  SCV  
Show
View Real Time Build Order
Export as new Build Order

John Protoss 

Build Orders: 1 Gate Expand 

Get SALT Encoding   

  12  0:01  Probe  
  13  0:13  Probe  
  14  0:18  Pylon  
  14  0:25  Probe  
  15  0:35  Probe  
  15  0:39  Gateway  
  16  0:43  Probe  
  16  0:47  Assimilator  
  17  0:51  Probe  
  18  1:03  Probe  
  19  1:15  Probe  
  20  1:27  Nexus  
  20  1:36  Zealot  
  20  1:37  Cybernetics Core  
  22  1:48  Probe  
  23  1:54  Pylon  
  23  2:04  Assimilator  
  23  2:05  Warp Gate, Stalker  
  23  2:12  Probe  
  24  2:33  Robotics Facility  
  24  2:37  Probe  
  24  2:46  Probe  
  24  2:50  Probe  
  26  2:54  Probe  
  26  3:02  Probe  
  26  3:03  Probe  
  29  3:16  Pylon  
  29  3:18  Immortal  
  33  3:29  Probe  
  33  3:42  Shield Battery  
  33  3:43  Probe  
  33  3:48  Probe  
  35  3:53  Pylon  
  35  3:57  Probe  
  28  4:16  Warp Prism  
  30  4:19  Zealot  
  30  4:21  Probe x2  
  27  4:40  Probe  
  27  4:42  Stalker  
Tags
 
Add a new tag
Caveats
  • Supply blocks, unpowered buildings, or Contaminate may cause inaccurate times.
  • Supply counts are checked every 10 seconds.